 Dungeon Crawl Stone Soup version 0.26.0-15-gc6cd9f700b (webtiles) character file.

Game seed: 4045659991318314007

8489 runemasterragnar the Fighter (level 11, -3/149 HPs)
             Began as an Ogre Chaos Knight on Jan 16, 2021.
             Was a Plaything of Xom.
             Slain by a bunyip (glowing shapeshifter) (22 damage)
             ... on level 9 of the Dungeon.
             The game lasted 00:27:00 (11084 turns).

runemasterragnar the Fighter (Ogre Chaos Knight)   Turns: 11084, Time: 00:27:01

Health: -3/149     AC: 22    Str: 20    XL:     11   Next: 31%
Magic:  18/20      EV: 11    Int: 12    God:    Xom [.....*]
Gold:   560        SH:  0    Dex:  8    Spells: 12/23 levels left

rFire    + . .     SeeInvis +   t - +5 mace (freeze)
rCold    . . .     Faith    .   (no shield)
rNeg     + . .     Spirit   .   (armour currently unavailable)
rPois    ∞         Reflect  .   (helmet restricted)
rElec    +         Harm     .   (no cloak)
rCorr    .         Rampage  .   (gloves unavailable)
Will     ++...                  (boots unavailable)
Stlth    +.........             (no amulet)
HPRegen  0.34/turn              i - ring of see invisible
MPRegen  0.17/turn              (no ring)

@: statue-form, very slow
A: large, unfitting armour, fangs 1, dopey 1, fire resistance 1, strong-willed
1, mutation resistance 1, sense surroundings 1, poison resistance
a: End Transformation, Renounce Religion


You were on level 9 of the Dungeon.
You worshipped Xom.
You were Xom's teddy bear.
You were a stone statue.
You visited 1 branch of the dungeon, and saw 9 of its levels.
You also visited: Ossuary.

You collected 588 gold pieces.
You spent 28 gold pieces at shops.

Inventory:

Hand Weapons
 a - a +0 hand axe of chaos
 j - a +5 hunting sling of flaming
 p - a +3 great sword
 t - a +5 mace of freezing (weapon)
Missiles
 k - 7 curare-tipped darts
 l - 23 sling bullets
 o - 2 large rocks
 r - 7 poisoned darts (quivered)
 B - 5 atropa-tipped darts
 C - 7 arrows
 D - 10 stones
Armour
 b - a +2 robe (melded)
Jewellery
 i - a ring of see invisible (left hand)
 n - an uncursed ring of magical power
 y - an uncursed ring of teleportation
Wands
 d - a wand of flame (10)
 e - a wand of digging (5)
 s - a wand of disintegration (1)
Scrolls
 c - 6 scrolls of enchant armour
 f - 3 scrolls of immolation
 g - 2 scrolls of identify
 m - a scroll of enchant weapon
 q - a scroll of amnesia
 v - 2 scrolls of teleportation
 w - 3 scrolls of remove curse
 A - a scroll of fog
Potions
 h - a potion of resistance
 u - a potion of attraction
 z - a potion of flight


   Skills:
 - Level 9.0 Fighting
 - Level 5.2 Axes
 - Level 3.2 Throwing
 - Level 4.4 Dodging
 + Level 6.5 Spellcasting
 * Level 7.9 Transmutations
 * Level 7.9 Earth Magic
 - Level 3.8 Evocations


You had 12 spell levels left.
You knew the following spells:

 Your Spells              Type           Power        Failure   Level
a - Statue Form           Tmut/Erth      14%          71%         6
b - Sandblast             Erth           44%          1%          1
c - Petrify               Tmut/Erth      22%          7%          4

Your spell library contained the following spells:

 Spells                   Type           Power        Failure   Level
 Freeze                   Ice            12%          17%         1
 Hailstorm                Conj/Ice       3%           86%         4
 Simulacrum               Ice/Necr       1%           100%        6


Dungeon Overview and Level Annotations

Branches:
Dungeon (9/15)             Temple (0/1) D:5            Lair (0/6) D:9
Ossuary (visited)
    Orc: D:9-12

Altars:
Ashenzari
Nemelex Xobeh
Xom

Shops:
D:4 *}


Innate Abilities, Weirdness & Mutations

You are too large for most types of armour.
((You have tough skin. (AC +1)))
You have very sharp teeth.
((You are partially covered in icy blue scales. (AC +2)))
((You are partially covered in slimy green scales. (AC +2)))
((You are partially covered in thin metallic scales. (AC +2)))
You are dopey. (Int -2)
Your flesh is heat resistant. (rF+)
You are strong-willed. (Will+)
You are somewhat resistant to further mutation.
You passively map a small area around you.
Your system is resistant to poisons. (rPois)
((You are covered in fur. (AC +1)))


Message History

The yak bellows!
You thump the ettin! You freeze the ettin.
You bite the ettin, but do no damage.
The ettin is severely wounded.
The ettin changes into a satyr!
You sock the satyr! You freeze the satyr.
The satyr is moderately wounded.
The satyr hits you but does no damage. The satyr hits you.
You sock the satyr! You freeze the satyr! Your bite misses the satyr.
The satyr is heavily wounded.
The satyr changes into a bunyip!
You sock the bunyip! You freeze the bunyip. Your bite misses the bunyip.
The bunyip is lightly wounded.
The bunyip claws you!!
* * * LOW HITPOINT WARNING * * *
The bunyip claws you!!
* * * LOW HITPOINT WARNING * * *
The bunyip claws you!!
You die...
Xom laughs nastily!

≈≈≈≈≈≈.≈≈≈≈.≈≈.................
≈≈≈≈≈≈≈≈≈≈≈≈((..##...###.......
≈..≈≈.≈≈≈..≈)...#...## #.......
, .....≈..≈...(≈(...###
######## ..Y...)..(.......##
,.#.....(##..5.##**
.......#...#..#....
......##...Y.###### ......
###..Yx8..# .....,*
#######......., , * #####
*######. *


You could see a bunyip shaped shifter and 2 yaks.

Vanquished Creatures
  A hydra (D:8)
  A two-headed ogre (D:9)
  An ugly thing (D:8)
  A deep elf mage (D:8)
  A manticore (D:8)
  A komodo dragon (D:9)
  A shadow (D:8)
  2 yaks (D:9)
  4 ice beasts
  3 sky beasts
  3 phantoms
  4 orc warriors
  A black bear (D:8)
  3 centaurs
  3 ogres
  4 wolves (D:9)
  A big kobold (D:9)
  Blork the orc (D:6)
  3 bullfrogs
  A water moccasin zombie (D:7)
  2 wyvern skeletons (D:9)
  10 scorpions
  3 wights (D:9)
  2 howler monkeys
  An electric eel (D:8)
  A bullfrog zombie (D:8)
  A human zombie (Ossuary)
  A lava snake (D:8)
  4 jellies
  11 hounds
  9 orc wizards
  A gnoll shaman (D:7)
  4 orc priests
  2 iguanas
  6 worker ants
  A killer bee zombie (D:7)
  A howler monkey zombie (D:7)
  3 mummies (Ossuary)
  Robin (D:3)
  13 adders
  6 gnolls
  A river rat (D:6)
  4 scorpion zombies (Ossuary)
  A shadow imp (D:8)
  5 white imps
  A worker ant simulacrum (D:8)
  An ufetubus (D:8)
  2 adder skeletons
  2 worms
  3 dart slugs
  5 leopard geckos
  31 orcs
  A ball python (D:1)
  5 bats
  6 giant cockroaches
  A gnoll zombie (Ossuary)
  9 goblins
  12 hobgoblins
  19 jackals
  3 quokkas
  9 frilled lizards
  3 goblin zombies (Ossuary)
  5 kobolds
  A kobold zombie (Ossuary)
  2 leopard gecko zombies
  5 orc zombies (Ossuary)
  2 quokka skeletons
  A quokka zombie (D:7)
  7 rats
  2 bushes (D:1)
272 creatures vanquished.

Vanquished Creatures (collateral kills)
  A goliath frog (shapeshifter) (D:8)
  A kobold (D:9)
2 creatures vanquished.

Vanquished Creatures (others)
  33 plants (D:8)
33 creatures vanquished.

Grand Total: 307 creatures vanquished

Notes
Turn   | Place    | Note
-------+----------+-------------------------------------------
     0 | D:1      | runemasterragnar the Ogre Chaos Knight began the quest for
                  | the Orb.
     0 | D:1      | Reached XP level 1. HP: 24/24 MP: 1/1
   161 | D:1      | XOM: divination: magic mapping
   168 | D:1      | Reached XP level 2. HP: 33/33 MP: 2/2
   173 | D:1      | XOM: silly message
   285 | D:1      | XOM: divination: detect items
   318 | D:1      | XOM: silly message
   500 | D:1      | XOM: scenery: 2 doors open
   643 | D:1      | Reached XP level 3. HP: 40/41 MP: 3/3
   851 | D:2      | Reached skill level 5 in Fighting
  1161 | D:2      | XOM: summons 1 hostile shadow creature
  1186 | D:2      | Found a shimmering altar of Xom.
  1186 | D:2      | XOM: divination: detect items
  1187 | D:2      | Found a shimmering altar of Xom.
  1187 | D:2      | Found a shimmering altar of Xom.
  1188 | D:2      | Found a shimmering altar of Xom.
  1189 | D:2      | Found a shimmering altar of Xom.
  1190 | D:2      | Found a shimmering altar of Xom.
  1191 | D:2      | Found a shimmering altar of Xom.
  1193 | D:2      | Found a shimmering altar of Xom.
  1368 | D:2      | XOM: god gift: fizzy ruby potion {god gift}
  1510 | D:2      | XOM: divination: detect creatures
  1819 | D:3      | Reached XP level 4. HP: 44/50 MP: 4/4
  1861 | D:3      | Noticed Robin
  1864 | D:3      | Killed Robin
  2022 | D:3      | XOM: scenery: create altars
  2297 | D:3      | Reached XP level 5. HP: 59/59 MP: 5/5
  2301 | D:3      | Reached skill level 6 in Fighting
  2470 | D:3      | XOM: give mutations
  2470 | D:3      | Gained mutation: You are partially covered in thin metallic
                  | scales. (AC +2) [Xom's grace]
  2470 | D:3      | Gained mutation: You have very sharp teeth. [Xom's grace]
  2544 | D:4      | XOM: butterfly on damage
  2684 | D:4      | Found Guyshroff's General Store.
  2692 | D:4      | Bought a scroll of identify for 28 gold pieces
  2709 | D:4      | Found Arhirisy's Gadget Shoppe.
  2776 | D:4      | XOM: god gift: gold wand {god gift}
  2993 | D:4      | Reached XP level 6. HP: 55/68 MP: 6/6
  3188 | D:4      | Reached skill level 1 in Evocations
  3203 | D:4      | XOM: give mutations
  3203 | D:4      | Gained mutation: Your spells are a little harder to cast,
                  | but a little more powerful. [Xom's grace]
  3203 | D:4      | Gained mutation: You are covered in fur. (AC +1) [Xom's
                  | grace]
  3211 | D:4      | Reached skill level 1 in Throwing
  3246 | D:4      | XOM: scenery: 1 doors open
  3353 | D:4      | Reached skill level 7 in Fighting
  3465 | D:4      | XOM: fake destruction
  3470 | D:4      | Reached XP level 7. HP: 78/78 MP: 7/7
  3559 | D:4      | XOM: scenery: 4 doors close
  3708 | D:4      | XOM: divination: magic mapping
  3740 | D:5      | Entered Level 5 of the Dungeon
  3948 | D:5      | Found a staircase to the Ecumenical Temple.
  4241 | D:5      | Reached skill level 8 in Fighting
  4241 | D:5      | Reached XP level 8. HP: 67/88 MP: 8/8
  4859 | D:6      | Found a sparkling altar of Nemelex Xobeh.
  4943 | D:6      | Reached skill level 5 in Axes
  5061 | D:6      | Noticed Blork the orc
  5071 | D:6      | XOM: chaos upgrade
  5076 | D:6      | Killed Blork the orc
  5085 | D:6      | XOM: polymorph orc wizard -> river rat
  5521 | D:6      | XOM: give mutations
  5521 | D:6      | Gained mutation: Your body sometimes deteriorates upon
                  | taking damage. [Xom's mischief]
  5521 | D:6      | Gained mutation: You are dopey. (Int -2) [Xom's mischief]
  5521 | D:6      | Lost mutation: Your body sometimes deteriorates upon taking
                  | damage. [Xom's mischief]
  5521 | D:6      | Lost mutation: Your spells are a little harder to cast, but
                  | a little more powerful. [Xom's mischief]
  5592 | D:6      | Reached skill level 9 in Fighting
  5731 | D:6      | XOM: 1-stop teleportation journey
  5743 | D:6      | XOM: 1-stop teleportation journey
  5800 | D:6      | XOM: noise
  5868 | D:6      | Identified Xom's Almanac of the Onion (Xom gifted it to you
                  | on level 6 of the Dungeon)
  5868 | D:6      | XOM: god gift: Xom's Almanac of the Onion
  5877 | D:6      | Learned a level 6 spell: Statue Form
  5972 | D:6      | XOM: god gift: 5 atropa-tipped darts
  6106 | D:7      | XOM: summons friendly shadow imp
  6117 | D:7      | Reached skill level 1 in Spellcasting
  6117 | D:7      | Reached skill level 1 in Transmutations
  6117 | D:7      | Reached skill level 1 in Earth Magic
  6402 | D:7      | Reached XP level 9. HP: 74/98 MP: 10/10
  6560 | D:7      | XOM: god gift: 46 gold pieces
  6685 | D:7      | XOM: give mutations
  6685 | D:7      | Gained mutation: You are partially covered in icy blue
                  | scales. (AC +2) [Xom's grace]
  6685 | D:7      | Gained mutation: Your flesh is heat resistant. (rF+) [Xom's
                  | grace]
  6685 | D:7      | Gained mutation: You passively map a small area around you.
                  | [Xom's grace]
  6685 | D:7      | Gained mutation: You are partially covered in slimy green
                  | scales. (AC +2) [Xom's grace]
  7178 | D:7      | Found a broken altar of Ashenzari.
  7431 | D:7      | XOM: god gift: potion of haste
  7647 | D:7      | XOM: noise
  7718 | D:7      | XOM: god gift: 8 gold pieces
  7789 | D:7      | XOM: divination: detect items
  7866 | D:8      | Noticed a six-headed hydra
  7866 | D:8      | Noticed a manticore
  7866 | D:8      | Noticed a cyan ugly thing
  7866 | D:8      | Noticed a deep elf mage
  7867 | D:8      | XOM: cleaving
  7876 | D:8      | Noticed a cyclops
  7881 | D:8      | Killed a cyan ugly thing
  7883 | D:8      | XOM: scenery: summon butterflies
  7884 | D:8      | Killed a manticore
  7885 | D:8      | Reached XP level 10. HP: 66/107 MP: 13/16
  7892 | D:8      | XOM: confuse monster(s)
  7894 | D:8      | Reached skill level 5 in Transmutations
  7894 | D:8      | Reached skill level 5 in Earth Magic
  7896 | D:8      | Killed a six-headed hydra
  7904 | D:8      | Killed a deep elf mage
  7912 | D:8      | HP: 6/160 [cyclops (22)]
  7915 | D:8      | XOM: cleaving
  7918 | D:8      | XOM: fog
  7921 | D:8      | Reached skill level 5 in Spellcasting
  7924 | D:8      | HP: 4/107 [hound (3)]
  8054 | D:8      | XOM: god gift: 7 curare-tipped darts
  8269 | D:8      | Found a sand-covered staircase.
  8279 | Ossuary  | Entered an ossuary
  8451 | Ossuary  | Learned a level 1 spell: Sandblast
  8713 | Ossuary  | Learned a level 4 spell: Petrify
  8768 | Ossuary  | XOM: scenery: 3 doors close
  9307 | D:8      | XOM: divination: detect creatures
  9317 | D:8      | XOM: god gift: 46 gold pieces
  9373 | D:8      | XOM: polymorph howler monkey -> hound
  9635 | D:8      | Noticed a glowing shapeshifter
  9635 | D:8      | a jackal changed into a glowing shapeshifter
  9635 | D:8      | Noticed a great orb of eyes
  9635 | D:8      | a glowing shapeshifter changed into a great orb of eyes
  9637 | D:8      | Noticed a satyr
  9637 | D:8      | a great orb of eyes changed into a satyr
  9641 | D:8      | XOM: cast spell 'Summon Small Mammal'
  9642 | D:8      | Noticed a five-headed hydra
  9642 | D:8      | a satyr changed into a five-headed hydra
  9644 | D:8      | Noticed a catoblepas
  9644 | D:8      | a five-headed hydra changed into a catoblepas
  9649 | D:8      | Noticed a death yak
  9649 | D:8      | a catoblepas changed into a death yak
  9655 | D:8      | Noticed a catoblepas
  9655 | D:8      | a death yak changed into a catoblepas
  9657 | D:8      | XOM: cast spell 'Monstrous Menagerie'
  9658 | D:8      | Noticed a minotaur
  9658 | D:8      | a catoblepas changed into a minotaur
  9661 | D:8      | Noticed a goliath frog
  9661 | D:8      | a minotaur changed into a goliath frog
  9661 | D:8      | Killed a goliath frog
  9662 | D:8      | Reached XP level 11. HP: 73/115 MP: 19/19
 10359 | D:9      | XOM: scenery: create altars
 10593 | D:9      | XOM: give mutations
 10593 | D:9      | Gained mutation: You are strong-willed. (Will+) [Xom's
                  | grace]
 10593 | D:9      | Gained mutation: You are somewhat resistant to further
                  | mutation. [Xom's grace]
 10593 | D:9      | Gained mutation: Your system is resistant to poisons.
                  | (rPois) [Xom's grace]
 10709 | D:9      | Noticed a two-headed ogre
 10719 | D:9      | Killed a two-headed ogre
 10857 | D:9      | XOM: smoke on damage
 10986 | D:9      | Found a staircase to the Lair.
 11055 | D:9      | XOM: summons friendly crimson imp
 11075 | D:9      | Noticed a glowing shapeshifter
 11075 | D:9      | a yak changed into a glowing shapeshifter
 11075 | D:9      | XOM: polymorph yak -> glowing shapeshifter
 11075 | D:9      | Noticed a ghost moth
 11075 | D:9      | a glowing shapeshifter changed into a ghost moth
 11076 | D:9      | Noticed a spark wasp
 11076 | D:9      | a ghost moth changed into a spark wasp
 11078 | D:9      | Noticed a goliath frog
 11078 | D:9      | a spark wasp changed into a goliath frog
 11080 | D:9      | Noticed an ettin
 11080 | D:9      | a goliath frog changed into an ettin
 11081 | D:9      | Noticed a satyr
 11081 | D:9      | an ettin changed into a satyr
 11083 | D:9      | Noticed a bunyip
 11083 | D:9      | a satyr changed into a bunyip
 11084 | D:9      | Slain by a bunyip (glowing shapeshifter)

Illustrated notes

Levels and vault maps discovered:
D:1:      beargit_arrival_greenhouse, layout_basic, minmay_hedge_maze
D:2:      layout_loops_ring, xom_redecorated
D:3:      layout_basic, uniq_robin
D:4:      layout_loops_corners, serial_shops,
          nicolae_shop_temple_entry_statues_fountains, shop,
          minmay_misc_feat_pillars
D:5:      layout_gridville, minmay_temple_entry_antechambers
D:6:      layout_loops_ring, grunt_decor_junction, grunt_ministairs_15,
          hangedman_decor_push, nemelex_lonely_heart_becter, uniq_blork_the_orc
D:7:      layout_loops_corners, ashenzari_altar_1
D:8:      nzn_winding_woodlands_large [nzn_winding_woodlands_5x5_closed_star,
          nzn_winding_woodlands_5x15_cabin, nzn_winding_woodlands_hourglass,
          nzn_winding_woodlands_center_triple_pond,
          nzn_winding_woodlands_15x15_five_gardens,
          nzn_winding_woodlands_center_diamonds,
          nzn_winding_woodlands_5x5_checkerboard,
          nzn_winding_woodlands_5x15_pool, nzn_winding_woodlands_5x5_perimeter],
          layout_basic, enter_ossuary_1, nicolae_lava_and_water
D:9:      layout_rooms, erik_lair_island, erik_orc_4

Skill      XL: |  1  2  3  4  5  6  7  8  9 10 11 |
---------------+----------------------------------+-----
Fighting       | 5 6 7 8 9 |  9.0
Dodging        | 3 4 |  4.4
Axes           | 4 5 |  5.2
Evocations     | 1 2 3 |  3.8
Throwing       | 1 2 3 |  3.2
Spellcasting   | 1 4 5 6 |  6.5
Transmutations | 1 4 7 |  7.9
Earth Magic    | 1 4 7 |  7.9

Action                   |  1- 3 |  4- 6 |  7- 9 | 10-12 || total
-------------------------+-------+-------+-------+-------++-------
Melee: Hand axe          |   191 |     1 |   185 |    42 ||   419
       Unarmed           |     5 |       |       |    40 ||    45
       Bite              |       |       |    14 |    10 ||    24
       Mace              |       |       |       |    55 ||    55
       Great sword       |       |       |       |     6 ||     6
 Fire: Hunting sling     |    10 |   143 |   144 |   217 ||   514
Throw: Dart              |       |       |     9 |    16 ||    25
 Cast: Sandblast         |       |       |       |    18 ||    18
       Petrify           |       |       |       |     7 ||     7
       Statue Form       |       |       |       |     1 ||     1
Evoke: Wand              |       |       |    13 |     5 ||    18
  Use: Potion            |     1 |       |     3 |    10 ||    14
       Scroll            |       |     7 |     3 |     9 ||    19
 Stab: Paralysed         |     1 |       |     3 |       ||     4
       Confused          |       |       |       |     1 ||     1
Armor: Robe              |    37 |    22 |    89 |    83 ||   231
       Skin              |     6 |       |    22 |    60 ||    88
Dodge: Dodged            |    79 |    36 |   128 |   146 ||   389
       Rpst.: Great sword |       |       |       |     3 ||     3
